[Event "Summer Prague Open-A 2024"]
[Site "Prague"]
[Date "2024.08.05"]
[Round "5.1"]
[White "Pulpan, Jakub"]
[Black "Prokofiev, Valentyn"]
[Result "*"]
[Annotator "RC"]
[WhiteElo "2378"]
[BlackElo "2381"]
[PlyCount "23"]
[EventDate "2024.08.02"]
[EventType "swiss"]
[EventCountry "CZE"]
[SourceTitle "playchess.com"]
[Source "ChessBase"]
[SourceQuality "1"]
[TimeControl "40/5400+30:1800+30"]

1. e4 c5 2. Nf3 Nc6 3. Nc3 g6 4. d4 cxd4 5. Nxd4 Bg7 6. Be3 Nf6 7. Bc4 Qa5 8. O-O O-O 9. Bb3 d6 10. h3 Bd7 11. Nde2 b5 12. Ng3 *

[Event "Summer Prague Open-A 2024"]
[Site "Prague"]
[Date "2024.08.05"]
[Round "5.3"]
[White "Golenia, Jan"]
[Black "Nothnagel, Marian Can"]
[Result "0-1"]
[Annotator "RC"]
[ECO "E71"]
[WhiteElo "2188"]
[BlackElo "2410"]
[PlyCount "132"]
[EventDate "2024.08.02"]
[EventType "swiss"]
[EventCountry "CZE"]
[SourceTitle "playchess.com"]
[Source "ChessBase"]
[SourceQuality "1"]
[TimeControl "40/5400+30:1800+30"]

1. d4 Nf6 2. c4 g6 3. Nc3 Bg7 4. e4 d6 5. h3 O-O 6. Bg5 c5 7. d5 e6 8. Bd3 exd5 9. exd5 Nbd7 10. Nf3 Re8+ 11. Be3 Ne5 12. Nxe5 Rxe5 13. O-O Rxe3 14. fxe3 Qe7 15. Qe2 Nd7 16. Rf4 Ne5 17. Raf1 Bd7 18. Ne4 f5 19. Nc3 Bh6 20. Bc2 Re8 21. R4f2 Qh4 22. b3 Qg3 23. Nd1 a6 24. a4 b6 25. Qe1 Qh4 26. Re2 Qg5 27. Nb2 Rf8 28. Nd3 Nxd3 29. Bxd3 Bg7 30. Rf3 Be5 31. a5 Rb8 32. b4 Qd8 33. Ra2 b5 34. bxc5 dxc5 35. Qd1 b4 36. Bc2 Qh4 37. Bb3 Bd6 38. Re2 Qe4 39. Qc2 Qe5 40. g3 Re8 41. Kg2 h5 42. Qb2 Qe7 43. Bc2 h4 44. gxh4 Qxh4 45. Qa1 Be5 46. Qa2 g5 47. Kf1 g4 48. Rg2 Bg7 49. Rfg3 Be5 50. Rf3 Kh8 51. hxg4 Qh1+ 52. Kf2 fxg4 53. Qb1 Qxb1 54. Bxb1 gxf3 55. Rg6 Ba4 56. Rxa6 Bd1 57. Rc6 b3 58. a6 Bc2 59. Re6 Ra8 60. Rxe5 Bxb1 61. d6 Bg6 62. Rxc5 b2 63. d7 Bf5 64. a7 Bxd7 65. Rh5+ Kg7 66. Rh1 Bf5 0-1

[Event "Summer Prague Open-A 2024"]
[Site "Prague"]
[Date "2024.08.05"]
[Round "5.4"]
[White "Garcia Roman, Daniel"]
[Black "Veleshnja, Zino"]
[Result "1/2-1/2"]
[Annotator "TA"]
[ECO "A17"]
[WhiteElo "2397"]
[BlackElo "2252"]
[PlyCount "29"]
[EventDate "2024.08.02"]
[EventType "swiss"]
[EventCountry "CZE"]
[SourceTitle "playchess.com"]
[Source "ChessBase"]
[SourceQuality "1"]
[TimeControl "40/5400+30:1800+30"]

1. Nf3 Nf6 2. c4 e6 3. Nc3 Bb4 4. Qc2 O-O 5. a3 Bxc3 6. Qxc3 d5 7. e3 c5 8. b4 b6 {[%emt 0:29:54] White is slightly better.} 9. Bb2 Bb7 10. Be2 Nbd7 11. cxd5 Bxd5 12. O-O Re8 13. bxc5 Nxc5 14. Qb4 Rc8 15. Rac1 {[%emt 0:02:01] Weighted Error Value: White=0.09 (flawless) /Black=0.12 (very precise) .  Inaccurate:     	White=2     	Black=2      OK:         	White=6     	Black=3} 1/2-1/2

[Event "Summer Prague Open-A 2024"]
[Site "Prague"]
[Date "2024.08.05"]
[Round "5.5"]
[White "Galymbek, Alikhan"]
[Black "Anwesh, Upadhyaya"]
[Result "0-1"]
[Annotator "TA"]
[ECO "C50"]
[WhiteElo "1970"]
[BlackElo "2373"]
[PlyCount "115"]
[EventDate "2024.08.02"]
[EventType "swiss"]
[EventCountry "CZE"]
[SourceTitle "playchess.com"]
[Source "ChessBase"]
[SourceQuality "1"]
[TimeControl "40/5400+30:1800+30"]

1. e4 e5 2. Nf3 Nc6 3. Bc4 Nf6 4. d3 Bc5 5. Nc3 h6 6. O-O d6 7. h3 Be6 8. Bxe6 fxe6 9. Na4 Bb6 10. c3 O-O 11. Qe2 Qe8 {[%emt 0:05:32] The position is equal.} 12. Nxb6 axb6 13. d4 exd4 14. Nxd4 e5 15. Nf5 Qe6 16. a3 Na5 17. f3 Nb3 18. Rb1 d5 19. Qc2 (19. Be3 $11) 19... dxe4 $17 20. fxe4 Nc5 21. Ng3 {[%emt 0:03:32] [#]} Nfxe4 $1 {[%emt 0:04:02] Black is more active. A dynamic duo of knights.} 22. Rxf8+ (22. Nxe4 Rxf1+ 23. Kxf1 Qf5+ 24. Kg1 Qxe4 (24... Nxe4 25. Be3 $17) 25. Qxe4 Nxe4 $11) 22... Rxf8 23. Nxe4 Qg6 24. Be3 Qxe4 25. Qxe4 Nxe4 {[%emt 0:00:03][%mdl 4096] Endgame. KRB-KRN} 26. Rd1 Nf6 27. Kf2 b5 28. Ke2 Kf7 29. Bc5 Ra8 30. Bg1 Ke6 31. Kf3 Rf8 32. Ke2 Nd5 33. g3 {[%emt 0:00:10] Prevents Nf4+} h5 34. h4 Nf6 35. Rd3 b6 36. Ke3 Ra8 37. Rd2 Ke7 38. Kf3 Rd8 39. Re2 (39. Rxd8 $142 Kxd8 40. b3) 39... Rd3+ $19 40. Re3 Rxe3+ 41. Bxe3 {[%emt 0:30:06] KB-KN} Ke6 42. Bg5 Kf5 43. b3 c5 {[%emt 0:00:00] ...c4 is the strong threat.} 44. Bd2 Ne4 45. Be1 c4 46. bxc4 bxc4 47. Ke3 b5 48. Kf3 Nf6 49. Bd2 Nd5 {[%emt 0:00:00] Strongly threatening ...g6.} 50. Be1 e4+ {[%emt 0:00:00] Black mates.} 51. Ke2 Kg4 52. Kf2 g6 53. Bd2 {[%emt 0:00:00] [#]} e3+ $1 54. Bxe3 Nxe3 55. Kxe3 Kxg3 56. Kd4 Kxh4 57. a4 bxa4 58. Kxc4 {[%emt 0:00:00] Weighted Error Value: White=0.56/Black=0.04 (flawless) .  Mistake:       	White=2     	---        Inaccurate:     	White=4     	---        OK:         	White=10    	Black=18     Best:        	---       	Black=3      Brilliant:      	---       	Black=1} 0-1

[Event "Summer Prague Open-A 2024"]
[Site "Prague"]
[Date "2024.08.05"]
[Round "5.6"]
[White "Tynyshtyk, Diana"]
[Black "Kulhanek, Tomas"]
[Result "1-0"]
[Annotator "TA"]
[ECO "B07"]
[WhiteElo "1935"]
[BlackElo "2317"]
[PlyCount "65"]
[EventDate "2024.08.02"]
[EventType "swiss"]
[EventCountry "CZE"]
[SourceTitle "playchess.com"]
[Source "ChessBase"]
[SourceQuality "1"]
[TimeControl "40/5400+30:1800+30"]

1. e4 d6 2. d4 Nf6 3. Nc3 c6 4. Be3 Qa5 5. Bd3 e5 6. f3 {[%emt 0:14:08] Inhibits Ng4.} Be7 7. Nge2 O-O 8. O-O {[%emt 0:03:31] White is slightly better.} Na6 9. a3 b5 10. Kh1 Qc7 11. f4 b4 12. axb4 Nxb4 13. Bc4 d5 {[%emt 0:03:58] [#] ...exd4 would now be deadly.} 14. exd5 (14. Bb3 $14) 14... cxd5 $11 {[%emt 0:14:01] Strongly threatening ...exf4.} 15. Bb3 (15. fxe5 Ng4 (15... dxc4 16. exf6 Bxf6 17. Rxf6 $16) 16. Bc1 Qxc4 $19 (16... dxc4 17. h3 $17)) 15... exd4 (15... e4 $11) 16. Nxd4 Ba6 (16... a6 $11 {keeps the balance.}) 17. Re1 Rfd8 18. Qf3 Qc8 {[%emt 0:05:09] Wards off Nf5} 19. Bf2 Bc5 20. Nf5 {[%emt 0:01:19] White is more active.} d4 $2 (20... Kh8 $14) 21. Re5 $18 Kh8 {[%emt 0:21:56] [#]} 22. Nxg7 $2 Bb7 $11 {[%emt 0:08:34][%cal Ba6b7,Bb7g2,Bg2e4][%mdl 32] Dodges Ne4} (22... Kxg7 $2 23. Ne4 Nxe4 24. Qxe4 $18) 23. Qg3 (23. Rxc5 $1 $11 Bxf3 24. Rxc8 Raxc8 25. gxf3 Kxg7 (25... dxc3 26. bxc3 Rxc3 27. Bh4 $11) 26. Nb5) 23... Bf8 $2 (23... dxc3 $15 {keeps the upper hand.} 24. Nf5 (24. Bxc5 $2 cxb2 25. Rb1 Rd2 $19) 24... Rg8 (24... cxb2 25. Qg7#) 25. Rxc5 cxb2) 24. Nh5 $40 {[%emt 0:01:58][%mdl 128] Black is in trouble.} Nxh5 (24... Ng4 $16 {was necessary.} 25. Ne4 Bxe4 (25... Nxe5 $2 {is the wrong capture.} 26. Ng5 $18) 26. Rxe4 Nxc2) 25. Rxh5 $18 dxc3 $2 (25... Qc6 $18 26. Bxf7 Qxg2+ 27. Qxg2 Bxg2+ 28. Kxg2 dxc3 29. bxc3 Rd7) 26. Bxf7 Bxg2+ 27. Kg1 Bh6 28. Rxh6 Be4 29. f5 Qxf5 30. Bg6 {[%emt 0:00:17] A strong pair of Bishops.} (30. Qxc3+ $142 Rd4 31. Bxd4+ Qf6 32. Bxf6#) 30... Qf3 31. Qe5+ {[%emt 0:00:57] White mates.} (31. bxc3 $2 Qh1#) 31... Kg8 32. Qe6+ Kf8 33. Bc5+ {[%emt 0:00:09] Weighted Error Value: White=0.27 (precise) /Black=0.64.  Loses game:     	---       	Black=2      Missed win:     	White=1     	---        Mistake:       	White=2     	Black=4      Inaccurate:     	White=3     	Black=2      OK:         	White=6     	Black=4      Best:        	White=1     	Black=1} 1-0

[Event "Summer Prague Open-A 2024"]
[Site "Prague"]
[Date "2024.08.05"]
[Round "5.7"]
[White "Walek, Petr"]
[Black "Sramek, Vojtech"]
[Result "1-0"]
[Annotator "TA"]
[ECO "B95"]
[WhiteElo "2283"]
[BlackElo "2237"]
[PlyCount "71"]
[EventDate "2024.08.02"]
[EventType "swiss"]
[EventCountry "CZE"]
[SourceTitle "playchess.com"]
[Source "ChessBase"]
[SourceQuality "1"]
[TimeControl "40/5400+30:1800+30"]

1. e4 c5 2. Nf3 d6 3. d4 cxd4 4. Nxd4 Nf6 5. Nc3 a6 6. Bg5 e6 7. Qe2 h6 8. Bd2 e5 9. Nb3 Be6 {The position is equal.} 10. O-O-O Nbd7 11. h3 Rc8 12. f4 Be7 13. Kb1 b5 (13... exf4 $11 14. Bxf4 Rxc3 15. bxc3 Qc7) 14. g4 ({White should play} 14. Nd5 $1 $14 O-O (14... Nxd5 15. exd5 Bf5 16. Rc1 $11) 15. Ba5) 14... Qc7 (14... b4 $142 15. Nd5 Nxd5 16. exd5 Bxd5) 15. Be3 Nb6 16. Bxb6 Qxb6 17. f5 Bc4 18. Qf3 a5 19. Nd2 Bxf1 20. Nxf1 b4 21. Nd5 Nxd5 22. Rxd5 Bg5 23. Qd3 O-O 24. h4 Bf4 {[#] And now ...Rc6 would win.} 25. Nd2 $1 $36 {[%cal Bf1d2,Bd2c4,Bc4d6,Bd6c8,Bc8d6,Bd6f7,Bf7e5][%mdl 2080] White is more active.} Qf2 26. g5 Qg2 (26... Qxd2 {simplifies} 27. Qxd2 Bxd2 28. Rxd2 Rfd8) 27. Rd1 {gxh6 would now be deadly.} hxg5 28. hxg5 Bxg5 29. Rxa5 Rc5 $1 30. Nc4 Rfc8 {This costs Black the game.} (30... Rxa5 $11 31. Nxa5 d5) 31. Nxd6 $18 (31. Qxd6 Rxc4 32. a4 Rxc2 33. Qxb4 Bc1 (33... R2c4 $2 34. Qb3 $19) 34. Rxc1 Rxc1+ 35. Ka2 Qf1 36. Rd5 Ra1+ 37. Kb3 Qf3+) 31... Rxa5 32. Nxc8 Qf2 33. Nd6 {[%cal Od6f7] Black must now prevent Nxf7!} Qa7 (33... Ra7) 34. Qc4 {Black is weak on the light squares} Be3 $2 {[#]} (34... Rc5 $18 35. Qxb4 Be7) 35. Nxf7 $1 Bd4 (35... Bd2 36. Ng5+) 36. Nxe5+ {Weighted Error Value: White=0.10 (very precise) /Black=0.46.  Loses game:     	---       	Black=1      Mistake:       	White=1     	Black=4      Inaccurate:     	White=4     	Black=2      OK:         	White=6     	Black=9      Best:        	White=1     	Black=2      Strong:       	White=1     	Black=1      Brilliant:      	White=1     	---} 1-0

[Event "Summer Prague Open-A 2024"]
[Site "Prague"]
[Date "2024.08.05"]
[Round "5.8"]
[White "Neukirchner, Pascal"]
[Black "Skypala, Ondrej"]
[Result "0-1"]
[Annotator "NA RC"]
[ECO "A05"]
[WhiteElo "2261"]
[BlackElo "2230"]
[PlyCount "114"]
[EventDate "2024.08.02"]
[EventType "swiss"]
[EventCountry "CZE"]
[SourceTitle "playchess.com"]
[Source "ChessBase"]
[SourceQuality "1"]
[TimeControl "40/5400+30:1800+30"]

1. Nf3 Nf6 2. g3 b5 3. Bg2 Bb7 4. O-O e6 5. d3 Be7 6. e4 O-O 7. e5 Nd5 8. c4 bxc4 9. dxc4 Nb6 10. b3 d5 11. Qc2 c5 12. Rd1 Nc6 13. Nc3 d4 14. Ne4 Nb4 15. Qb1 Nd7 16. Nfg5 g6 17. a3 Nc6 18. f4 Qb6 19. Qd3 Rab8 20. Rb1 Kg7 21. h4 Qc7 22. Bd2 h6 23. Nf3 a5 24. Re1 Rbe8 25. Qc2 f6 26. exf6+ Nxf6 27. Nf2 Bd6 28. Nd3 Ng4 29. Bh3 h5 30. Ng5 e5 31. Re2 Ne3 32. Bxe3 dxe3 33. Rxe3 Nd4 34. Qb2 Qc6 35. Bg2 Qxg2+ 36. Qxg2 Bxg2 37. Kxg2 exf4 38. Rxe8 Rxe8 39. Nxf4 Re3 40. b4 axb4 41. axb4 cxb4 42. Kf2 Rc3 43. c5 Bxf4 44. gxf4 b3 45. Ne4 Rf3+ 46. Kg2 Rxf4 47. Nd2 Rxh4 48. Nxb3 Nxb3 49. Rxb3 Rc4 50. Rb7+ Kf6 51. Rc7 Ke6 52. Rc6+ Kf5 53. Kf3 Rc3+ 54. Ke2 h4 55. Rc8 h3 56. Kd2 Rc4 57. Kd3 Rc1 0-1

[Event "Summer Prague Open-A 2024"]
[Site "Prague"]
[Date "2024.08.05"]
[Round "5.9"]
[White "Bohatyrov, Mykola"]
[Black "Camarena Jimenez, Rufino"]
[Result "0-1"]
[Annotator "TA"]
[ECO "C00"]
[WhiteElo "1847"]
[BlackElo "2279"]
[PlyCount "76"]
[EventDate "2024.08.02"]
[EventType "swiss"]
[EventCountry "CZE"]
[SourceTitle "playchess.com"]
[Source "ChessBase"]
[SourceQuality "1"]
[TimeControl "40/5400+30:1800+30"]

1. e4 e6 2. Nf3 d5 3. e5 Ne7 4. d4 c5 5. c3 Nbc6 6. Bd3 Bd7 7. O-O Ng6 8. Be3 Qb6 9. Qe2 {[%emt 0:13:11] The position is equal.} cxd4 10. cxd4 Nb4 {[%emt 0:00:16] And now ...Nxd3 would win.} 11. Nc3 Nxd3 12. Qxd3 h6 13. Rab1 Be7 14. Nd2 Rc8 15. f4 Nh4 16. Bf2 h5 17. Bxh4 Bxh4 {[%emt 0:00:47] [#]} 18. f5 $1 exf5 19. Nxd5 Qb5 20. Qxb5 Bxb5 21. Rfc1 ({Much worse is} 21. Rxf5 Bd3 22. Rff1 Bxf1 23. Kxf1 Bg5 $17) 21... Kd7 22. Nf3 {[%emt 0:01:57] Excellent horsemanship.} Bd8 (22... Bc6 $11 {and Black is okay.}) 23. Rxc8 $2 ({White has to play} 23. e6+ $1 $18 fxe6 24. Ne5+ Kd6 25. Rxc8) 23... Kxc8 $11 24. Nc3 Bd7 25. d5 Bb6+ 26. Kh1 h4 27. Ng5 Be8 28. Rc1 Be3 29. Rc2 {[%emt 0:00:05] Threatens to win with Nd1+.} Kd8 30. Nf3 h3 31. Re2 Bb6 32. Ng5 hxg2+ 33. Rxg2 g6 34. Re2 {[%emt 0:05:22][%cal Oc3a4] [#]} Rh5 $1 35. Rg2 Be3 36. Nxf7+ (36. Nf3 $17) 36... Bxf7 $19 37. e6 Be8 38. d6 Bc6 {[%emt 0:00:43] Never resign too early!   Weighted Error Value: White=0.61/Black=0.26 (precise) .  Loses game:     	White=1     	Black=1      Missed win:     	White=1     	---        Inaccurate:     	White=3     	Black=1      OK:         	White=8     	Black=14     Best:        	---       	Black=3} 0-1

[Event "Summer Prague Open-A 2024"]
[Site "Prague"]
[Date "2024.08.05"]
[Round "5.10"]
[White "Eret, Matous"]
[Black "Kuhn, Ulf"]
[Result "1/2-1/2"]
[Annotator "TA"]
[ECO "A00"]
[WhiteElo "2316"]
[BlackElo "2082"]
[PlyCount "129"]
[EventDate "2024.08.02"]
[EventType "swiss"]
[EventCountry "CZE"]
[SourceTitle "playchess.com"]
[Source "ChessBase"]
[SourceQuality "1"]
[TimeControl "40/5400+30:1800+30"]

1. a3 c5 2. Nf3 Nc6 3. c4 g6 4. g3 Bg7 5. Bg2 e5 6. Nc3 Nge7 7. d3 O-O 8. Bd2 d6 9. Rb1 h6 10. b4 Rb8 11. O-O Be6 12. Ne1 cxb4 13. axb4 d5 14. b5 d4 15. Ne4 Na5 16. Nc5 Bc8 17. Qa4 b6 18. Bxa5 bxa5 19. Nb3 a6 20. bxa6 Bxa6 21. Nc2 Bb7 22. Qxa5 Qc8 23. Bxb7 Qxb7 24. Nd2 Qd7 25. Rxb8 Rxb8 26. Rb1 Rc8 (26... Rxb1+ $16 27. Nxb1 Qg4) 27. Ne4 $18 f5 (27... Nc6 {was worth a try.} 28. Qa6 Nb8) 28. Nc5 $18 Qc6 29. Na6 e4 30. Rb6 Qa8 31. Ncb4 exd3 (31... f4 $142 32. Re6 (32. gxf4 exd3 33. Nxd3 Qe4 $18) 32... exd3 33. Nxd3 (33. Rxe7 d2 $17) 33... Rc6 34. Rxe7 (34. Nxf4 Rxc4 35. Nd3 Rc6 $18) 34... Rxa6 35. Re8+ (35. Qd5+ Qxd5 36. cxd5 fxg3 $18) 35... Qxe8 36. Qxa6 g5) 32. exd3 (32. Nxd3 $142 {Hoping for Qb5.} Bf8 33. c5) 32... f4 33. Re6 (33. gxf4 Qf3 34. h3 Qxh3 $11) 33... Qf3 {[%emt 0:05:35] [#]} 34. Qa1 $2 (34. Rxe7 Qd1+ 35. Kg2 f3+ 36. Kh3 Qf1+ 37. Kh4 (37. Kg4 $2 h5+ 38. Kh4 Bf6+ $19) 37... Bf6+ 38. Kg4 h5+ (38... Bxe7 39. Qd5+ Kg7 40. Qxd4+ Kh7 41. Nd5 $17) 39. Kxf3 Bxe7 40. Qd5+ Kg7 41. Qxd4+ Kh6 42. Qf4+ g5 $19) (34. Re1 $1 $18) 34... Nf5 (34... fxg3 $5 35. hxg3 (35. Rxe7 $2 Qxf2+ 36. Kh1 Qxh2#) 35... Nf5 $11) 35. Qf1 (35. Rxg6 Kh7 36. Rxg7+ Nxg7 $17 (36... Kxg7 37. Qe1 $11)) 35... Rf8 (35... Nh4 $14) 36. Qe2 $18 (36. Rxg6 $2 fxg3 37. Rxg3 (37. hxg3 $2 {too greedy.} Ne3 $19) 37... Nxg3 38. hxg3 Be5 $19) 36... Qxe2 37. Rxe2 f3 38. Re1 Kf7 39. c5 Rc8 40. g4 (40. c6 $16) 40... Ne7 $14 41. h4 Nc6 42. Re4 g5 43. Nd5 Ra8 44. Ndc7 (44. Ndb4 $1 $11 Rc8 45. Nd5) 44... Rc8 ({Black should play} 44... Ra7 $15 45. hxg5 hxg5) 45. hxg5 hxg5 46. Re6 Ne5 47. Rd6 Nxd3 48. Rd7+ Kg6 49. Ne6 Be5 50. Nxd4 Nxc5 51. Nxc5 Rxc5 52. Nxf3 Bf4 53. Kg2 Ra5 54. Nd4 Kf6 55. Rb7 Rd5 56. Rb6+ Rd6 57. Rxd6+ Bxd6 58. Kf3 Bc5 59. Ke4 Ba7 60. Kd5 Bb6 61. f3 Bc7 62. Ne6 Bh2 63. Nc5 Bf4 64. Ne4+ Kf7 65. Nd6+ 1/2-1/2

[Event "Summer Prague Open-A 2024"]
[Site "Prague"]
[Date "2024.08.05"]
[Round "5.11"]
[White "Petr, Jakub"]
[Black "Svacina, Tobias"]
[Result "1/2-1/2"]
[Annotator "TA"]
[ECO "B30"]
[WhiteElo "2243"]
[BlackElo "2071"]
[PlyCount "88"]
[EventDate "2024.08.02"]
[EventType "swiss"]
[EventCountry "CZE"]
[SourceTitle "playchess.com"]
[Source "ChessBase"]
[SourceQuality "1"]
[TimeControl "40/5400+30:1800+30"]

1. e4 c5 2. Nf3 Nc6 3. Bb5 d5 4. exd5 Qxd5 5. d3 Bg4 6. Nc3 Bxf3 7. Nxd5 Bxd1 {[%emt 0:00:11] [#]} 8. Kxd1 {[%emt 0:00:36] White is more active.} (8. Bxc6+ $1 $16 bxc6 9. Nc7+ Kd7 10. Nxa8) 8... Rc8 $1 $11 9. Bf4 (9. a4 {simplifies} e6 10. Ne3 a6 11. Bxc6+ Rxc6 12. Bd2) 9... e6 10. Re1 Kd7 (10... Nge7 {simplifies} 11. Ne3 a6 12. Bxc6+ Nxc6 13. a4 Be7) 11. Nc3 (11. Ne3 {simplifies} Bd6 12. Bxd6 Kxd6 13. Nc4+) 11... Nf6 12. Ke2 Bd6 (12... a6 {simplifies} 13. Bxc6+ Kxc6 14. a4 Be7) 13. Kf3 (13. Bxc6+ {simplifies} Rxc6 14. Bxd6 Kxd6 15. b3) 13... a6 14. Bxc6+ Kxc6 15. Bxd6 Kxd6 16. Rad1 Rhd8 17. d4 cxd4 18. Rxd4+ Kc5 19. Rdd1 h6 20. Ne4+ Nxe4 21. Kxe4 Rd6 22. Rxd6 Kxd6 {[%emt 0:00:05][%mdl 4096] Endgame. KR-KR} 23. Rd1+ Ke7 24. c3 f5+ 25. Ke3 e5 26. f4 exf4+ 27. Kxf4 Ke6 28. Rd4 g5+ 29. Ke3 Rc5 30. Rd8 Re5+ 31. Kd4 {[%emt 0:00:45] Hoping for Re8+.} Re4+ 32. Kc5 {[%emt 0:03:38] [#]} (32. Kd3 $1 $11 {keeps the balance.} Rg4 33. g3) 32... Re5+ (32... f4 $1 $17 {aiming for ...Kf5.} 33. h3 (33. Re8+ Kf5 $19) 33... Kf5 34. Rd5+ Kg6) 33. Kd4 Re4+ 34. Kd3 {[%emt 0:00:12] Re8+ is the strong threat.} Rg4 35. g3 f4 36. gxf4 Rxf4 37. Rb8 Rf2 38. Rxb7 Rxh2 39. Ke4 Kd6 (39... Rh4+ $15 40. Kf3 a5) 40. Rb6+ {[%emt 0:03:06] The position is equal.} Kc5 41. Rxa6 Rxb2 42. Rxh6 Rxa2 43. Rh5 Kc4 44. Rxg5 Kxc3 {[%emt 0:00:05] Weighted Error Value: White=0.11 (very precise) /Black=0.08 (flawless) .  Mistake:       	White=2     	Black=2      Inaccurate:     	White=3     	Black=1      OK:         	White=18    	Black=17     Strong:       	---       	Black=1} 1/2-1/2

[Event "Summer Prague Open-A 2024"]
[Site "Prague"]
[Date "2024.08.05"]
[Round "5.12"]
[White "Kroulik, Vaclav"]
[Black "Kuhn, Tobias"]
[Result "0-1"]
[Annotator "TA"]
[ECO "B34"]
[WhiteElo "2056"]
[BlackElo "2223"]
[PlyCount "76"]
[EventDate "2024.08.02"]
[EventType "swiss"]
[EventCountry "CZE"]
[SourceTitle "playchess.com"]
[Source "ChessBase"]
[SourceQuality "1"]
[TimeControl "40/5400+30:1800+30"]

1. e4 c5 2. Nf3 Nc6 3. d4 cxd4 4. Nxd4 Nf6 5. Nc3 e5 6. Ndb5 d6 7. Nd5 Nxd5 8. exd5 Ne7 9. c4 Ng6 10. Qa4 Bd7 11. Qb4 Bf5 12. Qa4 Bd7 13. Qb4 Qb8 14. h4 {[%emt 0:07:31] And now h5 would win.} h5 15. Bd3 f5 {[%emt 0:14:45] The position is equal.} 16. Bg5 a6 17. Nc3 Be7 18. Bxe7 Kxe7 19. Ne2 (19. a4 $11) 19... a5 ({Black should play} 19... b5 $15 20. Qc3 bxc4 21. Bxc4 a5) 20. Qd2 $11 Kf7 (20... e4 {seems wilder.} 21. Bc2 Ne5 22. f3 Nxc4 23. Qd4 Kf7) 21. b4 (21. f3 $11) 21... Qd8 (21... axb4 {is more complex.} 22. Rb1 e4 23. Bc2 Rxa2 24. Rxb4 Ne5) 22. bxa5 {[%emt 0:08:03] [#]} Qxa5 ({Much weaker is} 22... Nxh4 $6 23. Rb1 Bc8 (23... Rxa5 24. Rxb7 e4 25. Bb1 $18) (23... Nxg2+ 24. Kf1 $16) 24. c5 $11) (22... e4 $1 $17 23. Bc2 Qxa5 (23... Rxa5 24. Nd4 $15) (23... Nxh4 24. Rb1 $14)) 23. Qxa5 $15 Rxa5 24. O-O (24. Nc3 $15) 24... Ra3 25. Bc2 {[%emt 0:00:55] [#]} (25. Nc1 $17 {was worth a try.}) 25... Nxh4 (25... Rc8 $1 $19 26. Rfc1 Rxc4 (26... Nxh4 27. Rab1 $17)) 26. Rfb1 $17 Bc8 {[%emt 0:00:14] Black is more active.} 27. Rb6 Rh6 28. Bb3 ({Better is} 28. Rb3 $15 Ra5 29. Kh1) 28... Rg6 $36 {[%emt 0:07:21][%mdl 2048] White is under strong pressure.} 29. Ng3 (29. g3 {was necessary.}) 29... Ra6 (29... f4 $19 {and Black stays clearly on top.} 30. Ne4 Rxg2+ 31. Kf1 Kf8) 30. Rxa6 $17 bxa6 31. Kf1 {[%emt 0:04:14] [#]} (31. c5 $17) 31... Nxg2 $1 $19 32. Kxg2 h4 33. Kf3 hxg3 34. fxg3 e4+ 35. Kf4 $2 (35. Kf2) 35... Rg4+ {[%emt 0:00:31] Black is clearly winning.} 36. Ke3 Rxg3+ 37. Kf2 f4 {[%emt 0:00:15] ...e3+ is the strong threat.} 38. c5 Bg4 {[%emt 0:00:52] Weighted Error Value: White=1.01/Black=0.28 (precise) .  Missed win:     	---       	Black=1      Mistake:       	White=8     	Black=3      Inaccurate:     	White=1     	Black=1      OK:         	White=6     	Black=7      Best:        	---       	Black=1} 0-1

[Event "Summer Prague Open-A 2024"]
[Site "Prague"]
[Date "2024.08.05"]
[Round "5.13"]
[White "Kudaibergen, Nurlykhan"]
[Black "Schmitz, Thorsten"]
[Result "1-0"]
[Annotator "NA RC"]
[ECO "B30"]
[WhiteElo "2041"]
[BlackElo "2218"]
[PlyCount "125"]
[EventDate "2024.08.02"]
[EventType "swiss"]
[EventCountry "CZE"]
[SourceTitle "playchess.com"]
[Source "ChessBase"]
[SourceQuality "1"]
[TimeControl "40/5400+30:1800+30"]

1. e4 c5 2. Nf3 Nc6 3. Bb5 e5 4. O-O Bd6 5. c3 a6 6. Ba4 b5 7. Bc2 Qc7 8. a4 b4 9. d3 Nf6 10. Nbd2 O-O 11. Nc4 Be7 12. Bg5 d6 13. Ne3 h6 14. Bh4 bxc3 15. bxc3 Be6 16. Rc1 Rac8 17. d4 cxd4 18. cxd4 Nb4 19. d5 Bd7 20. Bxf6 Bxf6 21. Bb3 Qxc1 22. Qxc1 Rxc1 23. Rxc1 Nd3 24. Ra1 Nc5 25. Bc2 Rb8 26. Ne1 Rb4 27. Nd3 Nxd3 28. Bxd3 Bxa4 29. Bxa6 Rxe4 30. Bc4 Rxe3 31. fxe3 Bc2 32. Ra6 Be7 33. Ra7 Bf8 34. Be2 Bg6 35. h4 f5 36. Kf2 Bf7 37. e4 fxe4 38. Bc4 g5 39. hxg5 hxg5 40. g4 Kg7 41. Ke3 Kf6 42. Bb3 Be7 43. Ra5 Bd8 44. Ra6 Be7 45. Ra8 Kg7 46. Kxe4 Bg6+ 47. Ke3 Bf7 48. Ra5 Kf6 49. Bc2 Bd8 50. Ra6 Be7 51. Be4 Be8 52. Rb6 Bd7 53. Bf3 Be8 54. Kd3 Bd7 55. Rb7 Ba4 56. Be4 Bd1 57. Bf5 Bf3 58. Be6 Bd1 59. Rb1 Ba4 60. Rf1+ Kg6 61. Rf7 Bf6 62. Ra7 e4+ 63. Ke3 1-0